Map: New Repugnancy LE

Players

daintySPLASH

  • Race: Terran Terran
  • Spawn Location: 7:00

A.I. 1 (Very Easy) - Winner!

  • Race: Protoss Protoss
  • Spawn Location: 1:00

VOD

Have the link to the VOD?

Description

Time

  • Played on: May 29, 2019, 3:21 p.m.
  • Length: 6:13
Show
View Real Time Build Order
Export as new Build Order

daintySPLASH Terran 

Build Orders:  

Get SALT Encoding   

  12  0:01  SCV  
  13  0:13  SCV  
  14  0:18  Supply Depot  
  14  0:26  SCV  
  15  0:29  Refinery  
  15  0:41  Barracks  
  15  0:46  SCV  
  16  0:58  SCV  
  17  1:10  SCV  
  18  1:27  Marine, Orbital Command  
  19  1:40  Command Center  
  19  1:45  Marine  
  20  1:53  SCV  
  21  2:01  Supply Depot  
  21  2:03  Marine  
  21  2:05  SCV  
  23  2:12  Factory  
  23  2:22  Marine, SCV  
  25  2:23  Refinery  
  25  2:34  SCV  
  26  2:40  Marine  
  27  2:47  SCV  
  28  2:52  Orbital Command  
  28  2:58  Starport, Factory Tech Lab  
  28  3:00  Marine  
  29  3:06  SCV  
  30  3:17  SCV  
  30  3:18  SCV  
  32  3:25  Marine  
  32  3:26  Stimpack  
  33  3:29  Factory Reactor  
  33  3:30  SCV x2  
  35  3:34  Viking  
  35  3:39  Supply Depot  
  35  3:40  Supply Depot  
  37  3:43  SCV x2  
  37  3:44  Marine  
  40  3:58  SCV x2  
  40  3:59  Barracks  
  40  4:00  Barracks  
  42  4:14  Medivac  
  42  4:15  Medivac  
  46  4:17  Factory Reactor  
  46  4:18  Marine  
  46  4:19  SCV x2  
  49  4:28  Refinery  
  49  4:36  Supply Depot  
  50  4:38  SCV x2  
  50  4:40  Engineering Bay  
  50  4:41  Marine  
  50  4:42  Engineering Bay  
  52  4:59  SCV x2  
  54  5:06  Marine x2  
  54  5:07  Marine x3  
  56  5:10  Starport Reactor  
  56  5:11  Factory Tech Lab  
  59  5:18  Refinery  
  60  5:21  SCV x2  
  60  5:27  Command Center  
  61  5:28  Supply Depot  
  61  5:30  Supply Depot  
  61  5:33  SCV x2  
  63  5:36  Marine x4  
  63  5:37  Marine  
  70  5:51  SCV  
  70  5:52  SCV  
  70  5:53  Marine x2  
  70  5:54  Marine x2  
  80  6:01  Armory  
Show
View Real Time Build Order
Export as new Build Order

A.I. 1 (Very Easy) Protoss - Winner!

Build Orders: 1 Gate Expand, Nexus First 

Get SALT Encoding   

  12  0:00  Probe  
  13  0:13  Probe  
  14  0:21  Pylon  
  14  0:42  Gateway  
  14  1:00  Nexus  
  14  1:20  Pylon  
  14  1:21  Zealot  
  14  1:24  Assimilator  
  16  1:37  Probe, Cybernetics Core  
  17  1:49  Probe  
  18  2:00  Assimilator, Probe  
  18  2:07  Stalker  
  18  2:08  Probe  
  22  2:16  Probe  
  22  2:17  Warp Gate  
  22  2:21  Probe  
  24  2:30  Probe  
  25  2:38  Probe  
  26  2:47  Probe  
  26  2:49  Assimilator  
  27  2:52  Pylon  
  27  2:55  Probe  
  28  3:02  Probe  
  29  3:08  Probe  
  30  3:16  Probe  
  30  3:18  Robotics Facility  
  31  3:25  Probe  
  32  3:35  Zealot  
  32  3:36  Probe  
  35  3:43  Probe  
  36  3:50  Probe  
  37  3:58  Probe  
  38  4:04  Probe  
  38  4:06  Observer  
  40  4:12  Probe  
  40  4:15  Probe  
  42  4:25  Assimilator  
  42  4:26  Probe  
  42  4:28  Observer  
  42  4:29  Probe  
  44  4:37  Pylon  
  45  4:40  Probe  
  46  4:48  Probe  
  47  4:55  Probe, Stalker  
Tags
 
Add a new tag
Caveats
  • Supply blocks, unpowered buildings, or Contaminate may cause inaccurate times.
  • Supply counts are checked every 10 seconds.